 Dungeon Crawl Stone Soup version 0.30-a0-830-gfe289a77b0 (webtiles) character file.

Game seed: 1735940310158749326

133 Nacht the Digger (level 4, 0/30 HPs)
             Began as a Demonspawn Earth Elementalist on Feb 28, 2023.
             Slain by a hound (2 damage)
             ... on level 2 of the Dungeon.
             The game lasted 00:02:49 (2681 turns).

Nacht the Digger (Demonspawn Earth Elementalist)    Turns: 2681, Time: 00:02:50

Health: 0/30       AC:  4    Str:  8    XL:     4   Next: 93%
Magic:  7/7        EV: 17    Int: 19    God:
Gold:   129        SH:  4    Dex: 13    Spells: 1/7 levels left

rFire   . . .      SeeInvis .    (no weapon)
rCold   . . .      Faith    .    (no shield)
rNeg    + . .      Spirit   .    q - +1 robe {rN+}
rPois   .          Reflect  .    (no helmet)
rElec   .          Harm     .    (no cloak)
rCorr   .          Rampage  .    m - +0 pair of gloves
Will    .....                    (no boots)
Stlth   +                        (no amulet)
HPRegen 0.25/turn                t - +5 ring of evasion
MPRegen 0.10/turn                (no ring)

@: silenced (expiring)
A: large bone plates 1
a: no special abilities


You were on level 2 of the Dungeon.
You visited 1 branch of the dungeon, and saw 4 of its levels.

You collected 129 gold pieces.

Inventory:

Missiles
 n - 3 atropa-tipped darts
Armour
 a - a +0 robe
 m - a +0 pair of gloves (worn)
 q - a +1 robe of positive energy (worn)
Jewellery
 t - a +5 ring of evasion (left hand)
Wands
 v - a wand of polymorph (5)
Scrolls
 c - 2 scrolls of vulnerability {unknown}
 d - 2 scrolls of poison {unknown}
 f - 3 scrolls of identify {unknown}
 i - a scroll of blinking {unknown}
 k - a scroll of fog {unknown}
 p - a scroll of enchant weapon {unknown}
 s - a scroll of amnesia {unknown}
 x - a scroll of teleportation {unknown}
Potions
 b - a potion of magic
 e - 2 potions of curing {unknown}
 g - a potion of mutation {unknown}
 h - a potion of flight {unknown}
 j - a potion of degeneration {unknown}
 o - a potion of heal wounds {unknown}
 r - a potion of brilliance {unknown}
 u - a potion of haste {unknown}
 w - a potion of attraction {unknown}


   Skills:
 - Level 1.7 Dodging
 - Level 1.7 Stealth
 + Level 2.0 Spellcasting
 * Level 0.0 Conjurations
 - Level 0.8 Transmutations
 + Level 5.1 Earth Magic


You had one spell level left.
You knew the following spells:

 Your Spells              Type           Power      Damage    Failure   Level
a - Sandblast             Erth           42%        2d11      1%          1
b - Stone Arrow           Conj/Erth      22%        3d8       17%         3
w - Passwall              Tmut/Erth      10%        N/A       8%          2

Your spell library contained the following spells:

 Spells                   Type           Power      Damage    Failure   Level
 Petrify                  Tmut/Erth      13%        N/A       43%         4


Dungeon Overview and Level Annotations

Branches:
Dungeon (4/15)
 Temple: D:4-7

Altars:
Wu Jian

Shops:
D:3 ?

Annotations:
D:3 3 runed translucent doors, Rocko1345's ghost, amateur MeWn


Innate Abilities, Weirdness & Mutations

You are partially covered in large bone plates. (SH +4)


Message History

A profound silence engulfs you.
It was a scroll of silence.
The hound completely misses you. The iguana misses you.
The hound closely misses you. The hound attacks as you move away!
You block the hound's attack. The hound bites you.
* * * LOW HITPOINT WARNING * * *
The hound misses you. The hound attacks as you move away! The hound bites you.
* * * LOW HITPOINT WARNING * * *
There is a stone staircase leading up here.
The hound misses you. x2
You climb upwards.
Level annotation: 3 runed translucent doors, Rocko1345's ghost, amateur MeWn
There is a stone staircase leading down here.
The hound closely misses you.
There is a stone staircase leading up here.
The hound misses you.
You climb upwards.
There is a stone staircase leading down here.
You closely miss the hound. The hound barely misses you. x2
You hit the hound but do no damage. You block the hound's attack.
You closely miss the hound. You block the hound's attack.
The hound bites you but does no damage.
You barely miss the hound. The hound completely misses you.
You closely miss the hound. The hound misses you. The hound closely misses you.
You hit the hound but do no damage. The hound closely misses you.
You barely miss the hound. The hound barely misses you. The hound bites you.
* * * LOW HITPOINT WARNING * * *
You hit the hound.
The hound is lightly wounded.
The hound misses you.
You closely miss the hound.
The hound is lightly wounded.
The hound bites you.
* * * LOW HITPOINT WARNING * * *
The hound closely misses you.
You barely miss the hound.
The hound is lightly wounded.
The hound bites you.
You die...

#################
##................
#@................
########h################
#.........# #.........#
#.........# ########.##
####### #.# #...... #.#
#......
#.##########....†.


You could see a hound.

Vanquished Creatures
  Jessica (D:3)
  4 adders
  A worm (D:2)
  A dart slug (D:2)
  5 ball pythons
  7 endoplasms
  2 giant cockroaches
  7 goblins
  10 hobgoblins
  3 jackals (D:3)
  2 quokkas (D:1)
  7 bats
  7 kobolds
  4 rats
61 creatures vanquished.

Notes
Turn   | Place    | Note
-------+----------+-------------------------------------------
     0 | D:1      | Nacht the Demonspawn Earth Elementalist began the quest for
                  | the Orb.
     0 | D:1      | Reached XP level 1. HP: 13/13 MP: 3/3
    76 | D:1      | Reached skill level 3 in Earth Magic
   173 | D:1      | Gained mutation: You are partially covered in large bone
                  | plates. (SH +4) [demonic ancestry]
   173 | D:1      | Reached XP level 2. HP: 18/19 MP: 1/5
   943 | D:2      | Reached XP level 3. HP: 22/24 MP: 1/6
   994 | D:2      | Learned a level 2 spell: Passwall
   998 | D:2      | Learned a level 3 spell: Stone Arrow
  1140 | D:2      | Reached skill level 4 in Earth Magic
  1140 | D:2      | Identified the +3 ring mail "Epidgh" {Will- Str+3 Int+4
                  | Stlth+}
  1412 | D:2      | Reached XP level 4. HP: 30/30 MP: 4/7
  1876 | D:3      | Found Aratam's Magic Scroll Boutique.
  2104 | D:3      | Noticed Jessica
  2108 | D:3      | Killed Jessica
  2109 | D:3      | Reached skill level 5 in Earth Magic
  2247 | D:3      | Found an ornate altar of the Wu Jian Council.
  2361 | D:3      | Found a runed translucent gate.
  2362 | D:3      | Found a runed translucent gate.
  2363 | D:3      | Found a runed translucent gate.
  2365 | D:3      | Noticed Rocko1345's ghost (amateur MeWn)
  2681 | D:2      | Slain by a hound

Illustrated notes

Levels and vault maps discovered:
D:1:      saegor_arrival_simple_a, layout_rooms, serial_forest,
          infiniplex_forest_lined_room_2, infiniplex_forest_lined_2,
          infiniplex_forest_clump_medium, infiniplex_forest_clump_tiny,
          infiniplex_forest_clump_cross, infiniplex_forest_lined_3_way,
          infiniplex_forest_clump_long
D:2:      layout_basic
D:3:      layout_loops_ring, nzn_wu_jian_contemplation, serial_shops, shop,
          gammafunk_ghost_necromancy, minmay_surrounded, uniq_jessica
D:4:      layout_loops_ring, minmay_shop_grid_forest, nicolae_shop_gadgets

Skill      XL: |  1  2  3  4 |
---------------+-------------+-----
Earth Magic    | 3 4 5 |  5.1
Dodging        | |  1.7
Stealth        | |  1.7
Spellcasting   | |  2.0
Transmutations | |  0.8

Action                     |  1- 3 |  4- 6 || total
---------------------------+-------+-------++-------
  Melee: Unarmed           |    11 |    10 ||    21
   Cast: Sandblast         |    59 |    39 ||    98
    Use: Potion            |     1 |     1 ||     2
         Scroll            |       |     1 ||     1
 Armour: Robe              |    16 |     5 ||    21
  Dodge: Dodged            |    34 |    39 ||    73
  Block: Other             |     4 |     8 ||    12

Table legend: (Time is in decaauts)
 A = Elapsed time spent in this place.
 B = Non-inter-level travel time spent in this place.
 C = Inter-level travel time spent in this place.
 D = Time resting spent in this place.
 E = Time spent auto-exploring this place.
 F = Levels seen in this place.
 G = Mean time per level.
                   A        B        C        D        E       F      G
               +--------+--------+--------+--------+--------+-----+--------+
         Total |   2729 |   2553 |    176 |      0 |   2077 |   4 |  682.2 |
       Dungeon |   2729 |   2553 |    176 |      0 |   2077 |   4 |  682.2 |
               +--------+--------+--------+--------+--------+-----+--------+

Top non-repeatable levels by time:
     D:3: 993 daAuts
     D:2: 899 daAuts
     D:1: 792 daAuts
     D:4: 44 daAuts
